 Dungeon Crawl Stone Soup version 0.22.1-2-g9c5b331 (webtiles) character file.

731 Yoni the Cudgeler (level 7, -4/70 HPs)
             Began as a Troll Berserker on Dec 20, 2018.
             Was a Believer of Trog.
             Slain by a scorpion (7 damage)
             ... in an ossuary.
             The game lasted 00:15:23 (2204 turns).

Yoni the Cudgeler (Troll Berserker)                 Turns: 2204, Time: 00:15:24

Health: -4/70      AC:  6    Str: 28    XL:     7   Next: 45%
Magic:  6/6        EV: 11    Int:  3    God:    Trog [**....]
Gold:   178        SH:  0    Dex:  9    Spells: 6/6 levels left

rFire    . . .     SeeInvis .   a - +1 mace
rCold    . . .     Gourm    +   (no shield)
rNeg     + . .     Faith    .   b - +1 animal skin
rPois    .         Spirit   .   (helmet restricted)
rElec    .         Reflect  .   (no cloak)
rCorr    .         Harm     .   (gloves unavailable)
MR       .....                  (boots unavailable)
Stlth    +.........             (no amulet)
HPRegen  0.61/turn              l - ring of positive energy
MPRegen  0.10/turn              (no ring)

@: lethally poisoned (-4 -> -4), about to teleport, berserk cooldown, slowed,
very slow
A: large, unfitting armour, claws 3, fast metabolism 3, gourmand, regeneration
1, shaggy fur 1, tough skin 2
a: Berserk, Trog's Hand, Renounce Religion


You were in an ossuary.
You worshipped Trog.
Trog was pleased with you.
You were not hungry.

You visited 1 branch of the dungeon, and saw 4 of its levels.
You also visited: Ossuary.

You collected 178 gold pieces.

Inventory:

Hand Weapons
 a - a +1 mace (weapon)
Armour
 b - a +1 animal skin (worn)
 f - a +0 chain mail
Jewellery
 l - a ring of positive energy (left claw)
 m - an uncursed ring of ice {unknown}
Scrolls
 e - 3 scrolls of teleportation
 g - 2 scrolls of remove curse
 j - 3 scrolls of enchant weapon
 k - a scroll of identify
 n - a scroll of magic mapping
Potions
 d - a potion of haste
 h - a potion of resistance
 i - a potion of agility {unknown}


   Skills:
 + Level 4.2 Fighting
 + Level 6.1 Maces & Flails
 + Level 3.8 Dodging
 + Level 0.3 Stealth


You had 6 spell levels left.
You didn't know any spells.
Your spell library was empty.

Dungeon Overview and Level Annotations

Branches:
Dungeon (4/15)
 Temple: D:4-7

Altars:
Uskayaw
Vehumet

Shops:
D:4 %%((


Innate Abilities, Weirdness & Mutations

You are too large for most types of armour.
You have claws for hands.
Your metabolism is lightning-fast.
You like to eat raw meat.
Your natural rate of healing is unusually fast.
You are covered in fur. (AC +1)
You have very tough skin. (AC +2)


Message History

There is an open door here.
You feel sick. The scorpion stings you.
* * * LOW HITPOINT WARNING * * *
You feel sick.
There is an open door here.
You feel sick. The scorpion closely misses you.
You hit the scorpion.
The scorpion is lightly wounded.
An arrow hits the scorpion zombie!
The scorpion stings you.
* * * LOW HITPOINT WARNING * * *
You barely miss the scorpion.
The scorpion is lightly wounded.
You feel sick.
The scorpion stings you but does no damage.
The scorpion stings you.
* * * LOW HITPOINT WARNING * * *
As you read the scroll of teleportation, it crumbles to dust.
You feel strangely unstable.
You feel sick. The scorpion stings you!
You die...

#..^#...8...'^..#!.!+
#..^#...#...#.^.#M!?#
##'###########'#######+#
#†.†#...#...#.....#.....
#...8...M^..#.....#.....
#.....Z.#.Z.#.....8.....
##8...8###s##...........
#.......#s..#...........
#...8...#.@.###8.....8##
#.M.#...#...#...........
##'#######'##...........
.. #!=M#^.^#.....8.....
#.Z +?..#...'.....#.....
#!!!#...#.....#.....
####################


You could see 2 scorpions and a scorpion zombie.

Vanquished Creatures
  Blork the orc (D:4)
  4 scorpions (Ossuary)
  A howler monkey (D:4)
  3 centaur zombies (Ossuary)
  2 human zombies (Ossuary)
  An iguana (D:4)
  Terence (D:2)
  3 worker ants (D:4)
  A big kobold zombie (Ossuary)
  5 scorpion zombies (Ossuary)
  3 adders (D:4)
  4 worms
  4 leopard geckos
  2 ball pythons
  5 bats
  3 giant cockroaches
  6 goblins
  7 hobgoblins
  3 jackals (D:4)
  5 kobolds
  A quokka (D:2)
  2 frilled lizards
  A gnoll zombie (Ossuary)
  A hobgoblin zombie (Ossuary)
  A kobold zombie (Ossuary)
  2 orc zombies (Ossuary)
  A quokka zombie (D:4)
  4 rats
77 creatures vanquished.

Notes
Turn   | Place    | Note
-------+----------+-------------------------------------------
     0 | D:1      | Yoni the Troll Berserker began the quest for the Orb.
     0 | D:1      | Reached XP level 1. HP: 22/22 MP: 0/0
   125 | D:1      | Reached skill level 3 in Maces & Flails
   125 | D:1      | Reached XP level 2. HP: 25/29 MP: 1/1
   380 | D:2      | Reached XP level 3. HP: 31/36 MP: 2/2
   430 | D:2      | Noticed Terence
   433 | D:2      | Found a radiant altar of Vehumet.
   448 | D:2      | Killed Terence
   522 | D:2      | Reached ** piety under Trog
   797 | D:2      | Found a hide-covered altar of Uskayaw.
   924 | D:3      | Reached XP level 4. HP: 44/45 MP: 3/3
  1164 | D:4      | Reached skill level 4 in Maces & Flails
  1164 | D:4      | Reached XP level 5. HP: 34/53 MP: 4/4
  1188 | D:4      | Found Pissoras's Weapon Shoppe.
  1384 | D:4      | Found Archits's Antique Weapon Shoppe.
  1447 | D:4      | Found Oqosac's Food Shoppe.
  1489 | D:4      | Noticed Blork the orc
  1520 | D:4      | Killed Blork the orc
  1520 | D:4      | Reached XP level 6. HP: 19/61 MP: 5/5
  1532 | D:4      | HP: 2/61 [worker ant (4)]
  1537 | D:4      | HP: 1/61 [worker ant (3)]
  1542 | D:4      | HP: 3/61 [worker ant (3)]
  1729 | D:4      | Found Fusiuly's Food Shop.
  1765 | D:4      | Found a sand-covered staircase.
  1794 | Ossuary  | Entered an ossuary
  1822 | Ossuary  | Reached skill level 5 in Maces & Flails
  1991 | Ossuary  | Reached XP level 7. HP: 14/68 MP: 6/6
  2183 | Ossuary  | Reached skill level 6 in Maces & Flails
  2202 | Ossuary  | HP: 2/70 [scorpion (3)]
  2204 | Ossuary  | Slain by a scorpion

Skill      XL: |  1  2  3  4  5  6  7 |
---------------+----------------------+-----
Maces & Flails | 3 4 5 6 |  6.1
Fighting       | 3 4 |  4.2
Dodging        | 3 |  3.8
Stealth        | |  0.3

Action                   |  1- 3 |  4- 6 |  7- 9 || total
-------------------------+-------+-------+-------++-------
Melee: Mace              |   116 |   207 |    58 ||   381
Invok: Trog's Hand       |       |     3 |     3 ||     6
       Berserk           |       |     3 |     1 ||     4
  Use: Scroll            |     1 |     4 |     1 ||     6
       Potion            |       |     1 |       ||     1
  Eat: Chunk             |     5 |     5 |       ||    10
       Ration            |       |     3 |     2 ||     5
Armor: Animal skin       |    50 |    68 |    19 ||   137
Dodge: Dodged            |    92 |   138 |    36 ||   266
